AoeStats
← 芒果芋圆冰

Black Forest

510287045Analyzed
4v4 RM · 19h ago on Sep 30, 2026· 50m 43s· 8 players
Game mode
Random Map
Map size
Large (8 player)
Population
200
Speed
Normal
Resources
Standard
Victory
Conquest
Starting age
Dark Age
Ending age
Imperial Age
RankedLock teamsTeams togetherTeam positionsShared explorationLock speedFull tech treeHidden civsTurbo modeCheats
Victory
Defeat
🇮🇹 Goths · Italy
1209
+16
🇧🇪 Romans · Belgium
1113
+19
🇹🇼 Burgundians · Taiwan
1101
+20
🇨🇭 Vietnamese · Switzerland
1071
+21
🇨🇳 Cumans · China
1246
-22
🇹🇼 Huns · Taiwan
1224
-20
🇹🇼 Saxons · Taiwan
1175
-18
🇨🇳 Bengalis · China
1122
-16
韓國魚
1:10 Loom
11:48 Feudal Age
13:01 Double-Bit Axe
16:07 Castle Age
14:09 Horse Collar
14:32 Fletching
16:10 Crossbowman
19:31 Bodkin Arrow
19:37 Padded Archer Armor
22:11 Gold Mining
23:45 Thumb Ring
24:48 Bow Saw
25:42 Leather Archer Armor
30:32 Heavy Plow
31:42 Wheelbarrow
32:12 Stone Mining
32:17 Town Watch
33:50 Gold Shaft Mining
33:56 Hand Cart
36:46 Imperial Age
36:09 Forging
36:13 Masonry
36:59 Arbalester
37:44 Bracer
38:15 Ring Archer Armor
38:08 Ballistics
38:49 Chemistry
38:52 Two-Man Saw
38:20 Caravan
39:12 Conscription
39:25 Fortified Wall
39:46 Architecture
39:21 Cranequins
40:27 Heavy Mounted Crossbowman
42:00 Bloodlines
41:51 Husbandry
41:12 Light Cavalry
43:54 Iron Casting
43:21 Scale Mail Armor
43:27 Scale Barding Armor
43:03 Shield Wall
43:08 Clerical Recruitment
44:23 Block Printing
46:03 Sanctity
46:13 Redemption
Speechless
3:57 Loom
12:32 Feudal Age
13:53 Wheelbarrow
13:07 Double-Bit Axe
13:15 Horse Collar
16:25 Castle Age
19:13 Scale Barding Armor
23:04 Chain Barding Armor
26:07 Forging
26:43 Bloodlines
28:39 Hand Cart
29:15 Heavy Plow
30:02 Pikeman
30:17 Pikeman
30:58 Scale Mail Armor
31:41 Squires
31:59 Chain Mail Armor
33:48 Iron Casting
35:19 Husbandry
41:35 Imperial Age
39:28 Bow Saw
40:49 Gold Mining
40:49 Stone Mining
41:39 Halberdier
42:56 Plate Barding Armor
43:24 Blast Furnace
41:46 Cavalier
43:59 Gold Shaft Mining
46:24 Light Cavalry
47:25 Caravan
47:09 Hussar
HungrySimba
1:30 Loom
10:04 Feudal Age
27:06 Castle Age
25:41 Town Watch
26:38 Wheelbarrow
26:21 Scale Barding Armor
28:27 Bloodlines
32:42 Double-Bit Axe
32:48 Horse Collar
36:41 Imperial Age
35:14 Forging
36:07 Chain Barding Armor
36:47 Gold Mining
37:32 Hand Cart
37:10 Town Watch
38:22 Plate Barding Armor
39:34 Iron Casting
40:28 Scale Mail Armor
40:35 Man-at-Arms
41:16 Squires
41:33 Chain Mail Armor
42:18 Blast Furnace
41:46 Long Swordsman
42:30 Two-Handed Swordsman
43:41 Plate Mail Armor
44:46 Conscription
44:04 Champion
44:54 Fletching
46:05 Capped Ram
芒果芋圆冰
5:27 Loom
13:35 Feudal Age
13:50 Man-at-Arms
15:35 Arson
16:18 Double-Bit Axe
18:57 Castle Age
19:13 Fletching
22:37 Bodkin Arrow
23:58 Bow Saw
25:46 Padded Archer Armor
26:53 Ballistics
28:35 Husbandry
28:46 Bloodlines
31:50 Gold Mining
32:27 Leather Archer Armor
34:58 Horse Collar
40:19 Imperial Age
43:53 Bracer
45:54 Chemistry
46:59 Conscription
46:47 Paiks
49:23 Elite Elephant Archer
Luslec
10:29 Feudal Age
11:58 Loom
15:18 Castle Age
15:01 Double-Bit Axe
14:57 Horse Collar
16:22 Bow Saw
17:33 Husbandry
20:32 Gold Mining
27:10 Wheelbarrow
27:41 Heavy Plow
28:50 Hand Cart
28:42 Town Watch
29:27 Stone Mining
30:36 Treadmill Crane
36:58 Imperial Age
34:36 Thumb Ring
34:43 Fletching
34:53 Padded Archer Armor
35:17 Town Patrol
36:34 Bodkin Arrow
36:54 Leather Archer Armor
36:55 Bloodlines
37:37 Caravan
37:07 Capped Ram
38:52 Chemistry
38:26 Bracer
38:21 Heavy Cavalry Archer
39:39 Siege Engineers
41:20 Two-Man Saw
40:53 Crop Rotation
42:24 Ring Archer Armor
42:49 Coinage
43:03 Paper Money
44:04 Paper Money
45:08 Banking
47:25 Guilds
48:01 Ballistics
BooM
1:49 Loom
11:59 Feudal Age
13:43 Double-Bit Axe
17:05 Bow Saw
19:18 Castle Age
18:06 Horse Collar
19:16 Forging
21:05 Scale Barding Armor
24:52 Wheelbarrow
25:41 Gold Mining
27:31 Gold Shaft Mining
27:46 Iron Casting
27:19 Husbandry
34:38 Chain Barding Armor
34:35 Cavalier
37:40 Fletching
40:48 Two-Man Saw
41:05 Heavy Plow
41:25 Hand Cart
41:32 Caravan
42:16 Bodkin Arrow
44:45 Crop Rotation
45:25 Scale Mail Armor
49:05 Imperial Age
50:35 Paladin
Wimvdm91
10:35 Feudal Age
11:59 Double-Bit Axe
16:07 Man-at-Arms
19:15 Castle Age
18:10 Horse Collar
19:26 Long Swordsman
21:04 Squires
22:14 Forging
23:40 Pikeman
31:42 Iron Casting
43:29 Imperial Age
43:45 Bow Saw
45:32 Scale Mail Armor
45:48 Halberdier
48:37 Onager
50:50 Caravan
51:37 Ballistics
MLT | Bombad Gastald
0:51 Loom
9:54 Feudal Age
10:06 Man-at-Arms
13:36 Double-Bit Axe
16:31 Forging
16:12 Fletching
21:24 Castle Age
19:47 Horse Collar
25:13 Long Swordsman
27:21 Bow Saw
33:26 Wheelbarrow
33:32 Wheelbarrow
37:04 Imperial Age
35:21 Gold Mining
36:48 Scale Mail Armor
37:17 Anarchy
37:27 Pikeman
39:24 Two-Man Saw
38:27 Heavy Plow
39:01 Conscription
38:44 Halberdier
41:52 Squires
42:21 Perfusion
43:59 Chain Mail Armor
44:16 Elite Huskarl
45:52 Two-Handed Swordsman
46:36 Champion
48:36 Crop Rotation
51:09 Iron Casting
Connection lost

Rejoining the realm…

Still unreachable

The connection could not be restored.

Session expired

The server has moved on; the page needs a fresh start.